 Dungeon Crawl Stone Soup version 0.23-a0-208-gb6b040f (webtiles) character file.

151 PurpleRed the Skirmisher (level 5, 0/37 HPs)
             Began as an Octopode Wanderer on Sept 25, 2018.
             Killed by divine providence
             ... invoked by an orc priest
              (14 damage)
             ... on level 4 of the Dungeon.
             The game lasted 00:05:54 (2659 turns).

PurpleRed the Skirmisher (Octopode Wanderer)        Turns: 2659, Time: 00:05:54

Health: 0/37       AC:  1    Str: 19    XL:     5   Next: 33%
Magic:  5/5        EV: 12    Int: 15    God:
Gold:   268        SH:  0    Dex: 10    Spells: 4/4 levels left

rFire    . . .     SeeInvis .   a - +2 shortbow
rCold    . . .     Gourm    .   (shield currently unavailable)
rNeg     + . .     Faith    .   (helmet restricted)
rPois    +         Spirit   .   (no amulet)
rElec    .         Reflect  .   l - ring of poison resistance
rCorr    .         Harm     .   m - ring of positive energy
MR       .....                  k - +6 ring of strength
Stlth    +++.......             (no ring)
HPRegen  0.12/turn              (no ring)
MPRegen  0.09/turn              (no ring)
                                (no ring)
                                (no ring)

@: no status effects
A: almost no armour, stealthy swim, amphibious, 8 rings, constrict 8, camouflage
1, gelatinous body 1
a: no special abilities


You were on level 4 of the Dungeon.
You were not hungry.

You visited 1 branch of the dungeon, and saw 4 of its levels.

You collected 268 gold pieces.

Inventory:

Hand Weapons
 a - a +2 shortbow (weapon)
 e - a +0 blowgun
 f - a +0 dagger
Missiles
 b - 13 arrows (quivered)
 d - 11 poisoned needles
 j - a throwing net
 t - 7 tomahawks
Jewellery
 k - a +6 ring of strength (on tentacle)
 l - a ring of poison resistance (left tentacle)
 m - a ring of positive energy (right tentacle)
 q - an uncursed amulet of faith
 r - an uncursed ring of fire
Scrolls
 h - 3 scrolls of amnesia
 i - a scroll of fear {unknown}
 o - a scroll of enchant armour
 p - a scroll of fog {unknown}
 u - a scroll of noise {unknown}
 v - a scroll of remove curse {unknown}
 w - a scroll of magic mapping
 x - a scroll of enchant weapon {unknown}
 y - 2 scrolls of identify
Potions
 c - a potion of lignification
 n - a potion of heal wounds
 s - a potion of agility
Comestibles
 g - 5 rations


   Skills:
 - Level 4.0 Fighting
 - Level 3.0 Bows
 - Level 1.0 Throwing
 - Level 1.0 Dodging
 - Level 2.6 Stealth
 + Level 3.5 Unarmed Combat


You had 4 spell levels left.
You didn't know any spells.
Your spell library was empty.

Dungeon Overview and Level Annotations

Branches:
Dungeon (4/15)
 Temple: D:4-7

Altars:


Innate Abilities, Weirdness & Mutations

You cannot wear most types of armour.
You are very stealthy in the water. (Stealth+)
You are amphibious.
You can wear up to eight rings at the same time.
You can use your tentacles to constrict eight enemies at once.
Your skin changes colour to match your surroundings (Stealth+).
Your rubbery body absorbs attacks. (AC +1, EV +1)


Message History

Aim: an adder (almost dead)
You shoot an arrow. The arrow hits the adder.
You kill the adder!
Training target 4.0 for Fighting reached!
Your Fighting skill increases to level 4!
The orc priest begins to cast a cantrip, but forgets the words!
Firing (i - inventory. (/) - cycle)
b - 14 arrows (quivered)
Press: ? - help, Shift-Dir - straight line, f - orc priest
Aim: an orc priest, wielding a hand axe (severely wounded)
You shoot an arrow. The arrow hits the orc priest.
The orc priest is almost dead.
The orc priest invokes the aid of Beogh against you.
Beogh smites you!
* * * LOW HITPOINT WARNING * * *
The orc priest casts a cantrip, but nothing happens.
You are too injured to fight recklessly!
You feel better.
The orc priest calls down the wrath of Beogh upon you.
Beogh smites you!
You die...

..#(#
(#?#
...#
..#
.o#
#o#
#(#
#@#
#.#
#.#
#.#
#.#
#)#
#.#
#.#
#.#


You could see an orc priest and an orc.

Vanquished Creatures
  4 gnolls (D:2)
  4 adders
  2 worms (D:2)
  3 dart slugs
  3 orcs
  9 bats
  2 giant cockroaches
  7 goblins
  7 hobgoblins
  5 jackals
  2 quokkas
  2 ball pythons
  A frilled lizard (D:2)
  7 kobolds
  5 rats
63 creatures vanquished.

Notes
Turn   | Place    | Note
-------+----------+-------------------------------------------
     0 | D:1      | PurpleRed the Octopode Wanderer began the quest for the
                  | Orb.
     0 | D:1      | PurpleRed set off with: a +2 shortbow, 23 arrows, a potion
                  | of lignification, 11 poisoned needles, a +0 blowgun, a +0
                  | dagger, a ration
     0 | D:1      | Reached XP level 1. HP: 14/14 MP: 1/1
    98 | D:1      | Reached XP level 2. HP: 19/20 MP: 2/2
   655 | D:1      | Reached XP level 3. HP: 25/25 MP: 3/3
  1061 | D:2      | Reached skill level 3 in Fighting
  1124 | D:2      | Reached XP level 4. HP: 31/31 MP: 4/4
  2307 | D:3      | Reached XP level 5. HP: 27/37 MP: 5/5
  2657 | D:4      | Reached skill level 4 in Fighting
  2659 | D:4      | Killed from afar by an orc priest

Vault maps used:
D:1:      minmay_arrival_split_and_join, minmay_misc_feat_x
D:3:      grunt_ministairs_3
D:4:      grunt_temple_overflow_open, serial_shops, shop

Skill      XL: |  1  2  3  4  5 |
---------------+----------------+-----
Unarmed Combat | 2 3 |  3.5
Fighting       | 3 4 |  4.0
Bows           | |  3.0
Throwing       | |  1.0
Dodging        | |  1.0
Stealth        | |  2.6

Action                   |  1- 3 |  4- 6 || total
-------------------------+-------+-------++-------
 Fire: Shortbow          |    66 |    72 ||   138
  Use: Scroll            |     3 |     6 ||     9
       Potion            |       |     1 ||     1
  Eat: Chunk             |       |     5 ||     5
Armor: Skin              |     5 |     3 ||     8
Dodge: Dodged            |     9 |    15 ||    24

Table legend:
 A = Non-vault XP
 B = Vault XP
 C = Vault XP percentage of total XP
 D = Non-vault monster count
 E = Vault monster count
 F = Vault count percentage of total count
                 A         B        C        D         E       F
            +---------+---------+-------+---------+---------+-------
      Total |     212 |       5 |   2.3 |      61 |       2 |   3.2
            +---------+---------+-------+---------+---------+-------
        D:1 |      36 |       0 |   0.0 |      20 |       0 |   0.0
        D:2 |     105 |       0 |   0.0 |      23 |       0 |   0.0
        D:3 |      39 |       5 |  11.4 |      14 |       2 |  12.5
        D:4 |      32 |       0 |   0.0 |       4 |       0 |   0.0
            +---------+---------+-------+---------+---------+-------
